 Dungeon Sprint DCSS version 0.17-a0-1625-g47e540b (webtiles) character file.

1800000 hexophile the Ninja (level 18, -19/113 HPs)
             Began as a Spriggan Warper on Aug 2, 2015.
             Was a High Priest of Makhleb.
             Demolished by a meat berserker
             ... wielding a +9 battleaxe
              (71 damage)
             ... in the Dungeon (Sprint VIII: "Arena of Blood").
             The game lasted 00:00:52 (18 turns).

hexophile the Ninja (Spriggan Warper)                 Turns: 18, Time: 00:00:52

Health: -19/113    AC:  3    Str: 13    XL:     18   Next: 59%
Magic:  8/49       EV: 40    Int: 14    God:    Makhleb [*****.]
Gold:   0          SH:  0    Dex: 18    Spells: 1 memorised, 68 levels left

rFire  . . .     SeeInvis +     k - +∞ Axe of Woe
rCold  . . .     Clarity  .     a - +0 robe
rNeg   . . .     SustAt   .     (shield restricted)
rPois  .         Gourm    .     (helmet restricted)
rElec  .         Spirit   .     (no cloak)
rCorr  .         Warding  .     (gloves unavailable)
rMut   .         NoTele   +     (boots unavailable)
MR     +++..                    (no amulet)
Stlth  ++++++++++               (no ring)
                                (no ring)

@: very quick, extremely resistant to hostile enchantments, uncannily stealthy
A: unfitting armour, see invisible, herbivore 3, speed 3, slow metabolism 2
a: Minor Destruction, Lesser Servant of Makhleb, Major Destruction, Greater
Servant of Makhleb, Renounce Religion


You were in the Dungeon.
You worshipped Makhleb.
Makhleb was extremely pleased with you.
You were not hungry.

You visited 1 branch

Inventory:

Hand weapons
 k - the +∞ Axe of Woe (weapon)
   (You found it in the Dungeon)
Missiles
 d - 5 tomahawks of dispersal (quivered)
Armour
 a - a +0 robe (worn)
Scrolls
 c - 2 scrolls of blinking
Potions
 f - a potion of curing
 g - a potion of heal wounds
 h - a potion of haste
 i - 2 potions of magic
 j - a potion of berserk rage
Books
 b - a book of Spatial Translocations

   Spells                             Type                      Level
   a - Apportation                    Translocation                1
   b - Blink                          Translocation                2
   c - Shroud of Golubria             Charms/Translocation         2
   d - Portal Projectile              Translocation                3
   e - Teleport Other                 Translocation                3
   f - Passage of Golubria            Translocation                4
Comestibles
 e - a bread ration


   Skills:
 + Level 20.1 Fighting
 + Level 24.7 Throwing
 + Level 18.6 Armour
 O Level 27 Dodging
 O Level 27 Stealth
 + Level 20.1 Unarmed Combat
 + Level 26.4 Spellcasting
 O Level 27 Translocations


You had 68 spell levels left.
You knew the following spells:

 Your Spells              Type           Power        Failure   Level  Hunger
a - Apportation           Tloc           #######...   0%          1    None


Dungeon Overview and Level Annotations

Branches:
Dungeon (1/1)

Altars:
Makhleb


Innate Abilities, Weirdness & Mutations

You are tiny and cannot use many weapons and most armour.
You have supernaturally acute eyesight.
You are a herbivore.
You cover ground extremely quickly.
You need consume almost no food.


Message History

Your Spellcasting skill increases to level 25!
You have reached level 18!
Your experience leads to an increase in your attributes!
Increase (S)trength, (I)ntelligence, or (D)exterity?
You feel stronger.
You hit the bag of meat but do no damage.
You butcher the bag of meat messily.
You kill the bag of meat!
Makhleb accepts your kill.
You feel better.
Your Fighting skill increases to level 20!
Your Unarmed Combat skill increases to level 20!
Your Spellcasting skill increases to level 26!
You hear a shout! x10
The meat berserker hits you with a +9 battleaxe!!!
Ouch! That really hurt!
You hear a shout! x5
The meat berserker hits you with a +9 battleaxe!!!
Ouch! That really hurt!
You die...

#.. ..# .#... #...
..# .....###...
..###.
..........###......
..#........_.....
#....o..#.....#
........#_.<._# .
#.....).#.....#....
#...)@Oo._.......
.......)Oo###......
.....###.))....###.
.... #..oo...# ...
#.......# ..
.o...o.... .
...........
..o.......o
...........#


You could see 2 meat berserkers and 8 bags of meat.

Vanquished Creatures
  5 ogres (D)
  8 orcs (D)
13 creatures vanquished.

Notes
Turn   | Place    | Note
--------------------------------------------------------------
     0 | D        | hexophile the Spriggan Warper began the quest for the Orb.
     0 | D        | Reached XP level 1. HP: 10/10 MP: 5/5
     4 | D        | Became a worshipper of Makhleb the Destroyer
     5 | D        | Noticed a bag of meat
     5 | D        | Noticed a bag of meat
     6 | D        | Noticed a meat berserker
     6 | D        | Noticed a bag of meat
     8 | D        | Noticed a meat berserker
     8 | D        | Noticed a bag of meat
     9 | D        | Noticed a bag of meat
     9 | D        | Killed a bag of meat
     9 | D        | Reached skill level 9 in Fighting
     9 | D        | Reached skill level 11 in Throwing
     9 | D        | Reached skill level 14 in Dodging
     9 | D        | Reached skill level 15 in Stealth
     9 | D        | Reached skill level 15 in Translocations
     9 | D        | Reached XP level 2. HP: 12/23 MP: 5/16
     9 | D        | Reached XP level 3. HP: 14/27 MP: 5/18
     9 | D        | Reached XP level 4. HP: 16/32 MP: 5/19
     9 | D        | Reached XP level 5. HP: 18/36 MP: 5/21
     9 | D        | Reached XP level 6. HP: 20/40 MP: 5/22
     9 | D        | Reached XP level 7. HP: 22/44 MP: 5/24
     9 | D        | Reached XP level 8. HP: 24/49 MP: 5/25
     9 | D        | Reached XP level 9. HP: 25/53 MP: 5/26
     9 | D        | Reached XP level 10. HP: 27/58 MP: 5/27
     9 | D        | Reached XP level 11. HP: 28/62 MP: 5/28
     9 | D        | Killed a meat berserker
     9 | D        | Acquired Makhleb's first power
     9 | D        | Reached skill level 10 in Armour
     9 | D        | Reached skill level 18 in Dodging
     9 | D        | Reached skill level 19 in Stealth
     9 | D        | Reached skill level 15 in Spellcasting
     9 | D        | Reached XP level 12. HP: 66/71 MP: 5/32
     9 | D        | Reached XP level 13. HP: 68/74 MP: 5/33
    10 | D        | Noticed a bag of meat
    10 | D        | Killed a bag of meat
    10 | D        | Reached skill level 15 in Throwing
    10 | D        | Reached skill level 20 in Stealth
    10 | D        | Reached XP level 14. HP: 78/81 MP: 5/35
    11 | D        | Noticed a bag of meat
    11 | D        | Noticed a bag of meat
    13 | D        | Noticed a meat berserker
    13 | D        | Killed a bag of meat
    13 | D        | Acquired Makhleb's second power
    13 | D        | Reached skill level 21 in Stealth
    14 | D        | Noticed a bag of meat
    14 | D        | Noticed a bag of meat
    14 | D        | Noticed a meat berserker
    14 | D        | Killed a meat berserker
    14 | D        | Reached skill level 22 in Dodging
    14 | D        | Reached skill level 23 in Stealth
    14 | D        | Reached XP level 15. HP: 84/88 MP: 6/39
    14 | D        | Killed a bag of meat
    14 | D        | Acquired Makhleb's third power
    14 | D        | Reached skill level 24 in Stealth
    15 | D        | Noticed a bag of meat
    15 | D        | Noticed a meat berserker
    15 | D        | Noticed a bag of meat
    15 | D        | Killed a meat berserker
    15 | D        | Reached skill level 15 in Fighting
    15 | D        | Reached skill level 25 in Stealth
    15 | D        | Reached skill level 15 in Unarmed Combat
    15 | D        | Reached XP level 16. HP: 92/96 MP: 6/42
    16 | D        | Noticed a bag of meat
    16 | D        | Noticed a meat berserker
    16 | D        | Noticed a bag of meat
    16 | D        | Killed a meat berserker
    16 | D        | Acquired Makhleb's fourth power
    16 | D        | Reached skill level 15 in Armour
    16 | D        | Reached skill level 27 in Stealth
    16 | D        | Reached XP level 17. HP: 69/102 MP: 7/44
    16 | D        | Killed a bag of meat
    17 | D        | Noticed a meat berserker
    17 | D        | Killed a bag of meat
    17 | D        | Reached skill level 27 in Dodging
    17 | D        | Reached skill level 27 in Translocations
    17 | D        | Killed a bag of meat
    17 | D        | Noticed a bag of meat
    18 | D        | Killed a meat berserker
    18 | D        | Acquired Makhleb's fifth power
    18 | D        | Reached XP level 18. HP: 109/112 MP: 8/48
    18 | D        | Killed a bag of meat
    18 | D        | Demolished by a meat berserker

Vault maps used:
D:        meatsprint

Action                   |  1- 3 |  4- 6 |  7- 9 | 10-12 | 13-15 | 16-18 || total
-------------------------+-------+-------+-------+-------+-------+-------++-------
Melee: Broad axe         |     1 |       |       |       |     4 |     3 ||     8
